Map: Galactic Process LE

Players

uThermal - Winner!

  • Race: Terran Terran

viOLet

  • Race: Zerg Zerg

Event: IEM Season 11 - Shanghai

VOD

Have the link to the VOD?

Description

Time

  • Played on: July 29, 2016, 11:15 a.m.
  • Length: 12:16

All games in this series

Show
View Real Time Build Order
Export as new Build Order

uThermal Terran - Winner!

Build Orders: MMM Bio 

Get SALT Encoding   

  12  0:02  SCV  
  13  0:14  SCV  
  14  0:18  Supply Depot  
  14  0:26  SCV  
  15  0:40  SCV  
  15  0:42  Barracks  
  16  0:45  Refinery  
  16  0:52  SCV  
  17  1:01  Barracks  
  17  1:04  SCV  
  18  1:16  SCV  
  19  1:20  Barracks  
  19  1:28  Refinery  
  19  1:31  Reaper  
  20  1:43  Orbital Command  
  20  1:48  Reaper  
  21  1:57  Supply Depot  
  21  2:06  Reaper  
  22  2:09  Reaper  
  23  2:19  Supply Depot, SCV  
  23  2:22  Reaper  
  25  2:31  SCV  
  26  2:39  Reaper  
  26  2:41  Reaper  
  26  2:43  SCV  
  29  2:54  Reaper  
  30  3:05  Command Center  
  30  3:11  Reaper  
  31  3:15  Reaper  
  32  3:26  Reaper  
  33  3:33  SCV  
  34  3:36  Supply Depot  
  34  3:45  SCV  
  35  3:50  Reaper  
  37  3:57  SCV  
  37  4:01  Reaper  
  38  4:03  Barracks Tech Lab  
  38  4:09  SCV  
  37  4:14  Factory  
  37  4:22  Orbital Command, SCV  
  38  4:24  Stimpack  
  38  4:25  Barracks Reactor  
  38  4:34  SCV  
  38  4:36  Barracks Reactor, Marine  
  40  4:46  SCV  
  40  4:49  SCV  
  42  4:56  Marine  
  42  4:58  Factory Reactor, Starport, SCV  
  44  5:01  SCV  
  44  5:02  Marine x2  
  47  5:10  SCV  
  47  5:12  Marine  
  47  5:13  Marine, SCV  
  50  5:14  Marine  
  50  5:19  Marine  
  50  5:20  Marine  
  52  5:22  SCV  
  52  5:25  SCV  
  52  5:27  Supply Depot x2  
  54  5:33  Engineering Bay x2, Marine x2  
  54  5:34  Marine, SCV  
  58  5:40  Refinery  
  58  5:41  Factory Tech Lab  
  58  5:42  Medivac x2  
  62  5:48  Marine x2, SCV x2  
  66  5:51  Marine  
  66  6:01  SCV  
  66  6:03  Marine x2  
  69  6:05  SCV  
  69  6:09  Marine  
  69  6:10  Command Center  
  71  6:13  SCV  
  71  6:15  Supply Depot  
  71  6:18  Marine x2, SCV  
  75  6:22  Siege Tank  
  78  6:35  Terran Infantry Armor Level 1, Terran Infantry Weapons Level 1  
  78  6:36  Supply Depot, SCV  
  78  6:38  Marine  
  78  6:39  Supply Depot x2  
  80  6:45  SCV  
  81  6:48  SCV  
  80  6:54  Siege Tank  
  80  6:57  Marine x2, SCV  
  80  7:00  SCV  
  85  7:02  Marine  
  85  7:03  Marine  
  85  7:05  Marine  
  85  7:07  Medivac  
  89  7:09  SCV  
  89  7:13  SCV  
  89  7:15  Marine x2  
  88  7:20  Marine  
  88  7:21  Marine, SCV  
  92  7:23  Marine  
  92  7:25  SCV  
  92  7:28  Orbital Command  
  93  7:33  Marine x2, SCV  
  97  7:37  SCV  
  97  7:38  Marine, Siege Tank  
  97  7:41  Marine  
  97  7:42  Marine  
  97  7:43  Medivac x2  
  107  7:50  Armory, Refinery  
  107  7:54  Marine  
  107  7:55  Supply Depot, Marine  
  107  7:56  Marine  
  110  8:01  SCV x2  
  110  8:03  SCV  
  114  8:07  Supply Depot x2  
  114  8:10  Siege Tank  
  117  8:17  Barracks, SCV  
  117  8:18  Barracks  
  117  8:19  Medivac  
  119  8:23  SCV  
  119  8:24  SCV  
  119  8:25  Medivac  
  123  8:30  Marine, SCV  
  123  8:31  Refinery x2  
  125  8:36  SCV  
  125  8:37  SCV  
  124  8:42  Marine x3  
  124  8:45  Marine, SCV  
  124  8:46  Barracks  
  124  8:47  Supply Depot, Barracks  
  124  8:48  Marine, Siege Tank, SCV  
  133  8:51  SCV  
  135  8:57  Combat Shields, SCV  
  135  9:00  Marine, SCV  
  135  9:03  SCV  
  135  9:04  Engineering Bay  
  135  9:05  Engineering Bay  
  135  9:09  Marine x2, SCV  
  139  9:12  SCV  
  139  9:13  Supply Depot, Marine x2  
  139  9:15  Supply Depot  
  139  9:16  SCV  
  141  9:19  Marine  
  141  9:23  SCV  
  141  9:27  Marine, SCV  
  141  9:28  Marine  
  138  9:31  Siege Tank  
  138  9:33  Supply Depot x2, Medivac x2  
  138  9:34  Marine  
  138  9:37  Marine  
  146  9:42  Marine  
  147  9:49  Barracks Tech Lab  
  147  9:50  Barracks Tech Lab x2  
  147  9:51  Barracks Reactor  
  147  9:53  Terran Infantry Weapons Level 2, Terran Infantry Armor Level 2  
  147  9:55  Marine  
  147  9:57  Marine  
  149  10:03  Medivac, Siege Tank  
  149  10:06  Marine  
  149  10:07  Marauder  
  157  10:09  Marine, Marauder  
  157  10:12  Marine  
  157  10:13  Marine, Marauder  
  164  10:14  Marine  
  164  10:16  Concussive Shells  
  165  10:24  Marine  
  165  10:27  Marine  
  165  10:28  Marauder  
  168  10:29  Missile Turret, Marine  
  168  10:30  Marine  
  168  10:31  Marine x2, Marauder  
  168  10:32  Marine  
  168  10:34  Marauder  
  176  10:42  Marine  
  173  10:45  Marine  
  173  10:46  Marine  
  173  10:48  Marauder  
  173  10:49  Marauder  
  178  10:51  Supply Depot, Marine  
  178  10:52  Command Center  
  178  10:54  Marine, Marauder  
  176  10:58  Marine  
  176  11:00  Medivac  
  178  11:06  Medivac  
  178  11:10  Marine x2  
  181  11:12  Ghost Academy  
  181  11:13  Marauder  
  181  11:14  Marine  
  181  11:15  Supply Depot  
  181  11:16  Missile Turret  
  182  11:18  Marine  
  182  11:19  Marauder  
  182  11:25  Marine, Marauder  
  188  11:31  Siege Tank  
  179  11:50  Marine  
  179  11:51  Marauder  
Show
View Real Time Build Order
Export as new Build Order

viOLet Zerg 

Build Orders: Hatch First 

Get SALT Encoding   

  12  0:00  Drone  
  13  0:13  Overlord  
  13  0:16  Drone  
  14  0:31  Drone x2  
  16  0:37  Drone  
  17  0:53  Hatchery  
  17  0:56  Drone  
  17  1:00  Drone  
  18  1:09  Extractor  
  17  1:15  Spawning Pool  
  16  1:18  Drone  
  16  1:24  Drone  
  18  1:36  Drone  
  19  1:49  Overlord  
  19  2:01  Queen  
  19  2:02  Zergling x2  
  19  2:04  Queen  
  19  2:05  Zergling x4  
  26  2:17  Roach Warren  
  26  2:21  Drone  
  26  2:26  Drone  
  26  2:28  Drone  
  28  2:41  Queen  
  29  2:44  Overlord  
  29  2:58  Roach  
  29  2:59  Roach x2  
  29  3:03  Roach  
  37  3:07  Drone  
  38  3:14  Drone x2  
  40  3:24  Queen  
  41  3:27  Overlord  
  41  3:32  Ravager x2  
  42  3:35  Drone  
  43  3:43  Overlord  
  43  3:46  Roach x2  
  47  3:51  Roach, Zergling x4  
  51  3:58  Drone  
  51  4:00  Drone  
  52  4:03  Roach  
  52  4:05  Drone  
  53  4:10  Drone  
  53  4:15  Drone  
  53  4:17  Drone  
  52  4:25  Ravager  
  52  4:28  Drone x2, Overlord  
  52  4:29  Queen  
  57  4:36  Overlord, Roach  
  59  4:39  Drone  
  59  4:42  Extractor  
  58  4:54  Drone x2  
  58  4:55  Drone x3  
  63  5:04  Drone x3  
  66  5:14  Drone x4  
  66  5:17  Extractor  
  67  5:25  Ravager x2  
  67  5:27  Drone  
  67  5:28  Drone x2  
  72  5:34  Overlord, Roach  
  73  5:43  Overlord x2  
  73  5:44  Metabolic Boost  
  73  5:47  Evolution Chamber  
  72  5:51  Hatchery  
  72  5:52  Overlord x2  
  71  6:02  Roach x2  
  71  6:03  Roach x3  
  81  6:04  Roach x2  
  81  6:09  Overlord  
  81  6:10  Zergling x2  
  86  6:20  Lair  
  86  6:26  Zergling x6  
  86  6:31  Zergling x14  
  96  6:37  Zerg Ground Armor Level 1  
  96  6:51  Zergling x8  
  89  7:01  Drone x4  
  89  7:06  Zergling x2  
  90  7:09  Queen  
  87  7:18  Zergling x10  
  87  7:19  Zergling x2  
  92  7:23  Glial Reconstitution  
  92  7:30  Drone x3  
  92  7:31  Drone, Queen  
  95  7:37  Drone x2  
  95  7:44  Drone x3  
  95  7:49  Queen  
  98  8:00  Drone x6, Spore Crawler  
  103  8:09  Roach x3  
  109  8:24  Roach x5  
  119  8:32  Zerg Ground Armor Level 2  
  119  8:33  Drone x3  
  122  8:35  Evolution Chamber, Extractor  
  122  8:37  Extractor  
  122  8:40  Overlord  
  122  8:41  Drone x4  
  120  8:54  Roach  
  120  8:56  Roach  
  120  8:58  Hatchery  
  111  9:05  Roach x2  
  111  9:06  Roach x6  
  124  9:10  Zerg Melee Weapons Level 1  
  124  9:16  Drone  
  124  9:17  Drone x3  
  118  9:28  Queen  
  114  9:31  Drone  
  114  9:32  Drone x4  
  117  9:40  Queen  
  119  9:45  Extractor  
  119  9:47  Extractor  
  119  9:50  Drone x3  
  119  9:51  Drone x4  
  124  9:59  Overlord x2  
  124  10:15  Ravager x4  
  124  10:21  Overlord x4  
  128  10:22  Overlord  
  128  10:34  Hatchery  
  127  10:38  Roach x6  
  132  10:55  Roach x4  
  132  10:56  Roach x3  
  140  11:00  Infestation Pit  
  129  11:09  Roach x4  
  129  11:11  Overseer  
  137  11:16  Drone x2  
  137  11:17  Drone x3  
  142  11:28  Ravager x5  
  142  11:31  Zergling x12  
  153  11:37  Hatchery  
  141  11:40  Zergling x12  
  146  11:48  Zergling x2  

Tags
 
Add a new tag
Caveats
  • Supply blocks, unpowered buildings, or Contaminate may cause inaccurate times.
  • Supply counts are checked every 10 seconds.